 Dungeon Crawl Stone Soup version 0.20.0 (webtiles) character file.

20268 Eucla the Carver (level 12, 0/67 HPs)
             Began as a Spriggan Berserker on June 2, 2017.
             Was an Elder of Trog.
             Slain by a ten-headed hydra (14 damage)
             ... on level 5 of the Lair of Beasts.
             The game lasted 00:25:46 (14622 turns).

Eucla the Carver (Spriggan Berserker)              Turns: 14622, Time: 00:25:47

Health: 0/67       AC:  8    Str: 16    XL:     12   Next: 43%
Magic:  13/13      EV: 19    Int:  9    God:    Trog [****..]
Gold:   414        SH:  0    Dex: 15    Spells: 11/11 levels left

rFire    . . .     SeeInvis +   C - +3 falchion (elec)
rCold    . . .     Gourm    .   (shield restricted)
rNeg     . . .     Faith    .   E - +1 troll leather armour
rPois    .         Spirit   .   (helmet restricted)
rElec    .         Reflect  .   n - +2 cloak
rCorr    .         Harm     .   (gloves unavailable)
MR       ++...                  (boots unavailable)
Stlth    +.........             J - amulet of regeneration
Regen    1.1/turn               H - +6 ring of slaying
MPRegen  0.2/turn               (no ring)

@: very quick
A: unfitting armour, antennae 1, see invisible, clumsy 1, herbivore 3, speed 3,
slow metabolism 2, subdued magic 1
a: Berserk, Trog's Hand, Brothers in Arms, Burn Spellbooks, Renounce Religion


You were on level 5 of the Lair of Beasts.
You worshipped Trog.
Trog was greatly pleased with you.
You were full.

You visited 2 branches of the dungeon, and saw 15 of its levels.
You also visited: Sewer.

You collected 564 gold pieces.
You spent 150 gold pieces at shops.

Inventory:

Hand Weapons
 C - a +3 falchion of electrocution (weapon)
Armour
 n - a +2 cloak (worn)
 E - a +1 troll leather armour (worn)
Jewellery
 H - a +6 ring of slaying (left hand)
 J - an amulet of regeneration (around neck)
Wands
 f - a wand of disintegration (11/24)
 h - a wand of digging (13/24)
 o - a wand of iceblast (7/15)
 B - a wand of digging (14/24)
 K - a wand of iceblast (2/15)
 M - a wand of flame (17/48)
 Q - a wand of acid (7/15)
Scrolls
 a - a scroll of enchant weapon
 b - 6 scrolls of identify
 d - a scroll of summoning {unknown}
 e - 2 scrolls of fear
 i - 2 scrolls of blinking
 j - 3 scrolls of fog
 k - a scroll of enchant armour
 m - 3 scrolls of magic mapping
 w - 3 scrolls of recharging
 x - 3 scrolls of remove curse
 y - 4 scrolls of teleportation
Potions
 g - 6 potions of curing
 l - 5 potions of heal wounds
 p - a potion of might
 q - 4 potions of flight
 r - a potion of brilliance
 t - 3 potions of agility
 G - a potion of haste
 L - a potion of berserk rage {unknown}
Comestibles
 c - 7 bread rations
 A - 14 fruits


   Skills:
 + Level 10.0 Fighting
 - Level 14.3 Long Blades
 - Level 4.4 Dodging


You had 11 spell levels left.
You didn't know any spells.

Dungeon Overview and Level Annotations

Branches:
Dungeon (10/15)              Lair (5/6) D:9           Swamp (0/4) Lair:3
 Spider (0/4) Lair:4          Orc (0/2) D:10
 Temple: D:4-7        Slime: Lair:5-6

Altars:
Hepliaklqana
Kikubaaqudgha
Makhleb
Ru
Xom

Shops:
D:7 }   D:8 =   D:10 !

Annotations:
Lair:3 exclusion: 2 oklob plants
Lair:4 exclusion: oklob plant


Innate Abilities, Weirdness & Mutations

You are very small and have problems with some larger weapons.
You are too small for most types of armour.
You have supernaturally acute eyesight. (SInv)
You are a herbivore.
You cover ground extremely quickly.
You need consume almost no food.
You have a pair of small antennae on your head.
You are clumsy. (Dex -2)
Your spells are a little easier to cast, but a little less powerful.


Message History

The eight-headed hydra barely misses you.
The eight-headed hydra bites you. x2
The eight-headed hydra completely misses you. x2
The eight-headed hydra bites you!
* * * LOW HITPOINT WARNING * * *
The wolf bites your ogre.
You chop one of the eight-headed hydra's heads off!
The seven-headed hydra grows two more!
You slash the nine-headed hydra!
Lightning courses through the nine-headed hydra!
The nine-headed hydra is severely wounded.
Your ogre misses the wolf. The wolf bites your ogre.
Unknown command.
You hack one of the nine-headed hydra's heads off!
The eight-headed hydra grows two more!
You hit the ten-headed hydra.
The ten-headed hydra is severely wounded.
The water moccasin barely misses you.
You riposte.
You hit the water moccasin.
Lightning courses through the water moccasin!
The water moccasin is heavily wounded.
The ten-headed hydra bites you!
You die... .#.##...... .PP

##........^. #..P
...#P.[.... ....#
..P....#..##....#
..........#......
........P<..##
#.....#.....#.PP
.#..SD...hh.h.P
#.#.@†hOh#P..#
#...P...# h..
#...PP..# h.
+..P...## P
#...P..# #.......
#.......<
..........


You could see a ten-headed hydra, a water moccasin, 5 wolves and a friendly ogre
(berserk).

Vanquished Creatures
  Erolcha (D:9)
  A hydra (Lair:3)
  3 two-headed ogres (D:8)
  Sonja (Lair:4)
  Nergalle (D:10)
  An ugly thing (D:10)
  A black mamba (Lair:2)
  4 spiny frogs
  A rime drake (Lair:4)
  2 komodo dragons (Lair:3)
  3 trolls
  2 hornets
  A polar bear (Lair:4)
  2 tyrant leeches (Lair:3)
  6 hippogriffs
  Sigmund (D:2)
  The ghost of Eucla the Ducker, an amateur SpFi (D:4)
  A wyvern (D:8)
  28 yaks
  A basilisk (Lair:4)
  Grum (D:9)
  A steam dragon (D:6)
  Edmund (D:4)
  2 hell hounds (D:9)
  5 water moccasins
  An ice beast (D:8)
  2 porcupines (Lair:4)
  2 orc warriors (D:8)
  4 sky beasts
  3 phantoms
  4 wolves
  4 ogres
  A centaur (D:8)
  4 crocodiles
  4 big kobolds
  9 bullfrogs
  3 scorpions
  9 killer bees
  3 wights
  A howler monkey (D:9)
  A crimson imp (D:5)
  A jelly (D:8)
  A bullfrog zombie (D:8)
  A centaur skeleton (D:9)
  4 hounds
  A quasit (D:8)
  Crazy Yiuf (D:2)
  A bullfrog skeleton (D:5)
  2 orc priests
  6 orc wizards
  5 iguanas
  8 worker ants
  A killer bee zombie (D:10)
  2 hound skeletons
  14 adders
  7 river rats (Sewer)
  A shadow imp (D:9)
  2 oozes (D:4)
  An adder zombie (D:6)
  3 adder skeletons
  5 worms
  A dart slug (D:7)
  7 leopard geckos
  21 orcs
  8 ball pythons
  9 giant cockroaches
  7 goblins
  7 hobgoblins
  20 jackals
  3 quokkas
  6 bats
  4 frilled lizards
  A jackal skeleton (D:5)
  26 kobolds
  2 quokka skeletons
  A quokka zombie (D:5)
  32 rats
  A fungus (Lair:3)
350 creatures vanquished.

Vanquished Creatures (collateral kills)
  A hydra (Lair:4)
1 creature vanquished.

Vanquished Creatures (others)
  A fungus (Lair:4)
1 creature vanquished.

Grand Total: 352 creatures vanquished

Notes
Turn   | Place    | Note
-------+----------+-------------------------------------------
     0 | D:1      | Eucla the Spriggan Berserker began the quest for the Orb.
     0 | D:1      | Reached XP level 1. HP: 11/11 MP: 2/2
   541 | D:1      | Reached XP level 2. HP: 16/16 MP: 3/3
   671 | D:1      | Reached skill level 3 in Long Blades
  1091 | D:2      | Reached XP level 3. HP: 12/19 MP: 4/4
  1155 | D:2      | Noticed Sigmund
  1166 | D:2      | HP: 1/28 [Sigmund/magic dart (7)]
  1167 | D:2      | Killed Sigmund
  1167 | D:2      | Reached skill level 5 in Long Blades
  1167 | D:2      | Reached XP level 4. HP: 1/23 MP: 5/5
  1167 | D:2      | Reached XP level 5. HP: 1/27 MP: 6/6
  1409 | D:2      | Reached ** piety under Trog
  1880 | D:2      | Found a runed door.
  1884 | D:2      | Noticed Crazy Yiuf
  1897 | D:2      | Killed Crazy Yiuf
  1949 | D:2      | Reached XP level 6. HP: 25/32 MP: 7/7
  1976 | D:2      | Gained mutation: Your body sometimes deteriorates upon taking damage. [potion of mutation]
  1976 | D:2      | Gained mutation: You passively map a small area around you. [potion of mutation]
  1976 | D:2      | Lost mutation: Your body sometimes deteriorates upon taking damage. [potion of mutation]
  1976 | D:2      | Gained mutation: You are surrounded by a mild repulsion field. (EV +2) [potion of mutation]
  1999 | D:3      | Found a sacrificial altar of Ru.
  2097 | D:3      | Reached skill level 6 in Long Blades
  2143 | D:3      | Found a hazy altar of Hepliaklqana.
  2425 | D:3      | Reached *** piety under Trog
  2578 | D:3      | Found a faded altar of an unknown god.
  2897 | D:4      | Noticed Edmund
  2911 | D:4      | Killed Edmund
  2911 | D:4      | Reached XP level 7. HP: 35/35 MP: 8/8
  2997 | D:4      | Got a brightly glowing robe
  3015 | D:4      | Identified the cursed +0 robe of Time Monsters {rElec rC+ MR-} (You found it on level 4 of the Dungeon)
  3120 | D:4      | Found an ancient bone altar of Kikubaaqudgha.
  3132 | D:4      | Noticed Eucla's ghost (amateur SpFi)
  3135 | D:4      | Reached skill level 7 in Long Blades
  3155 | D:4      | Killed Eucla's ghost
  3698 | D:4      | Found a glowing drain.
  3728 | Sewer    | Entered a sewer
  3753 | Sewer    | Reached skill level 8 in Long Blades
  4365 | Sewer    | Reached **** piety under Trog
  4373 | Sewer    | Reached XP level 8. HP: 39/39 MP: 9/9
  4786 | D:5      | Entered Level 5 of the Dungeon
  4952 | D:5      | Lost mutation: You are surrounded by a mild repulsion field. (EV +2) [potion of mutation]
  4952 | D:5      | Lost mutation: You passively map a small area around you. [potion of mutation]
  4952 | D:5      | Gained mutation: Your body sometimes deteriorates upon taking damage. [potion of mutation]
  4952 | D:5      | Gained mutation: You evolve. [potion of mutation]
  4952 | D:5      | Gained mutation: Your body often deteriorates upon taking damage. [potion of mutation]
  4952 | D:5      | Gained mutation: You are agile. (Dex +2) [potion of mutation]
  4953 | D:5      | Lost mutation: Your body often deteriorates upon taking damage. [potion of mutation]
  4953 | D:5      | Lost mutation: You evolve. [potion of mutation]
  4953 | D:5      | Lost mutation: You are agile. (Dex +2) [potion of mutation]
  4953 | D:5      | Lost mutation: Your body sometimes deteriorates upon taking damage. [potion of mutation]
  4953 | D:5      | Gained mutation: You are frail. (-10% HP) [potion of mutation]
  4953 | D:5      | Gained mutation: You have large cloven feet. [potion of mutation]
  5020 | D:5      | Found a shimmering altar of Xom.
  5027 | D:5      | Reached skill level 9 in Long Blades
  6265 | D:7      | Reached skill level 10 in Long Blades
  6277 | D:7      | HP: 1/35 [killer bee (8)]
  6354 | D:7      | Reached XP level 9. HP: 34/38 MP: 10/10
  6562 | D:7      | Found Wussuf's Gadget Emporium.
  6643 | D:7      | You fall through a shaft!
  6717 | D:8      | Noticed a two-headed ogre
  6730 | D:8      | Killed a two-headed ogre
  6730 | D:8      | Reached skill level 11 in Long Blades
  6836 | D:8      | HP: 1/57 [orc (2)]
  6841 | D:8      | Reached ***** piety under Trog
  7226 | D:8      | Found Viom's Jewellery Emporium.
  7370 | D:8      | Noticed a two-headed ogre
  7389 | D:8      | Killed a two-headed ogre
  7562 | D:8      | Reached skill level 12 in Long Blades
  7578 | D:8      | Reached XP level 10. HP: 31/42 MP: 11/11
  7822 | D:8      | Noticed a two-headed ogre
  7830 | D:8      | Killed a two-headed ogre
  8861 | D:9      | Received a gift from Trog
  9130 | D:9      | Reached skill level 13 in Long Blades
  9312 | D:9      | Found a staircase to the Lair.
  9414 | D:9      | Noticed Erolcha
  9426 | D:9      | Killed Erolcha
  9534 | D:9      | Noticed Grum
  9547 | D:9      | Killed Grum
  9806 | D:9      | Found a sacrificial altar of Ru.
  9919 | D:10     | Entered Level 10 of the Dungeon
  9952 | D:10     | Noticed Nergalle
  9968 | D:10     | Killed Nergalle
  9968 | D:10     | Reached skill level 14 in Long Blades
  9968 | D:10     | Reached XP level 11. HP: 21/45 MP: 12/12
 10150 | D:10     | HP: 2/45 [orc priest/dagger (3)]
 10394 | D:10     | Noticed a green ugly thing
 10414 | D:10     | Killed a green ugly thing
 10414 | D:10     | Received a gift from Trog
 10535 | D:10     | Found Cudopp's Distillery.
 10538 | D:10     | Bought a potion of heal wounds for 50 gold pieces
 10538 | D:10     | Bought a potion of heal wounds for 50 gold pieces
 10538 | D:10     | Bought a potion of heal wounds for 50 gold pieces
 10591 | D:10     | Found a staircase to the Orcish Mines.
 10956 | Lair:1   | Entered Level 1 of the Lair of Beasts
 11737 | Lair:2   | Reached skill level 5 in Fighting
 12878 | Lair:3   | Reached XP level 12. HP: 57/57 MP: 13/13
 12890 | Lair:3   | Found a staircase to the Swamp.
 12965 | Lair:3   | Noticed a six-headed hydra
 12971 | Lair:3   | Killed an eight-headed hydra
 13610 | Lair:4   | Noticed a five-headed hydra
 13627 | Lair:4   | Killed an eight-headed hydra
 13657 | Lair:4   | Lost mutation: You have large cloven feet. [potion of mutation]
 13657 | Lair:4   | Lost mutation: You are frail. (-10% HP) [potion of mutation]
 13657 | Lair:4   | Gained mutation: You are clumsy. (Dex -2) [potion of mutation]
 13657 | Lair:4   | Gained mutation: Your spells are a little easier to cast, but a little less powerful. [potion of mutation]
 13657 | Lair:4   | Gained mutation: You have a pair of small antennae on your head. [potion of mutation]
 13704 | Lair:4   | Found a burning altar of Makhleb.
 13993 | Lair:4   | Found a hole to the Spider Nest.
 14287 | Lair:4   | Noticed Sonja
 14453 | Lair:4   | Killed Sonja
 14453 | Lair:4   | Reached skill level 10 in Fighting
 14610 | Lair:5   | Noticed a five-headed hydra
 14622 | Lair:5   | Slain by a ten-headed hydra

Skill      XL: |  1  2  3  4  5  6  7  8  9 10 11 12 |
---------------+-------------------------------------+-----
Long Blades    | 3 5 6 8 10 12 14 | 14.3
Fighting       | 7 10 | 10.0
Dodging        | |  4.4

Action                   |  1- 3 |  4- 6 |  7- 9 | 10-12 || total
-------------------------+-------+-------+-------+-------++-------
Melee: Falchion          |    74 |   159 |   503 |   613 ||  1349
       Kick              |       |       |    95 |   223 ||   318
Invok: Berserk           |     1 |     2 |    10 |    21 ||    34
       Trog's Hand       |       |       |     1 |     1 ||     2
       Brothers in Arms  |       |       |     1 |     6 ||     7
  Use: Scroll            |       |     8 |    14 |    17 ||    39
       Potion            |       |     1 |    15 |     2 ||    18
 Stab: Sleeping          |     1 |     3 |     2 |       ||     6
  Eat: Fruit             |       |     1 |     6 |    14 ||    21
       Royal jelly       |       |     1 |       |     2 ||     3
       Bread ration      |       |       |     3 |     2 ||     5
Armor: Animal skin       |     5 |     2 |       |       ||     7
       Robe              |       |     7 |    65 |    32 ||   104
       Troll leather arm |       |       |       |    42 ||    42
Dodge: Dodged            |    73 |   127 |   469 |   402 ||  1071
       Rpst.: Falchion   |    20 |    43 |   150 |   120 ||   333
